 Dungeon Crawl Stone Soup version 0.27-a0-931-g5a74e75d8f (webtiles) character file.

Game seed: 4621475939819613387

11 Alarkh the Insei (level 2, 22/22 HPs)
             Began as a Demonspawn Gladiator on Apr 10, 2021.
             Got out of the dungeon alive.
             The game lasted 00:00:46 (689 turns).

Alarkh the Insei (Demonspawn Gladiator)              Turns: 689, Time: 00:00:47

Health: 22/22      AC:  3    Str: 14    XL:     2   Next: 13%
Magic:  2/2        EV: 12    Int:  9    God:
Gold:   16         SH:  0    Dex: 14    Spells: 1/1 levels left

rFire    . . .     SeeInvis .     - Unarmed
rCold    . . .     Faith    .   (no shield)
rNeg     . . .     Spirit   .   a - +0 leather armour
rPois    .         Reflect  .   (helmet restricted)
rElec    .         Harm     .   (no cloak)
rCorr    .         Rampage  .   (no gloves)
Will     .....                  (no boots)
Stlth    +.........             (no amulet)
HPRegen  0.07/turn              (no ring)
MPRegen  0.08/turn              (no ring)

@: no status effects
A: horns 1
a: no special abilities


You escaped.
You visited 1 branch of the dungeon, and saw 1 of its levels.

You collected 16 gold pieces.

Inventory:

Missiles
 c - 3 throwing nets (quivered)
Armour
 a - a +0 leather armour (worn)
 b - a +0 helmet
Scrolls
 d - a scroll of identify {unknown}


   Skills:
 + Level 2.3 Fighting
 - Level 1.7 Throwing
 - Level 2.6 Dodging
 * Level 3.1 Unarmed Combat


You had one spell level left.
You didn't know any spells.
Your spell library was empty.

Dungeon Overview and Level Annotations

Branches:
Dungeon (1/15)

Altars:


Innate Abilities, Weirdness & Mutations

You have a pair of small horns on your head.


Message History

Found an escape hatch in the floor.
There is a stone staircase leading down here.
A frilled lizard comes into view.
The frilled lizard hisses angrily.
A frilled lizard is nearby!
You hit the frilled lizard.
You kill the frilled lizard!
No target in view!
No target in view!
No target in view!
No target in view!
No target in view!
No target in view!
No target in view!
No target in view!
You see here a frilled lizard corpse.
You open the door.
A frilled lizard comes into view.
A frilled lizard is nearby!
A frilled lizard is nearby!
The frilled lizard hisses angrily.
You hit the frilled lizard.
You kill the frilled lizard!
No target in view!
No target in view!
No target in view!
No target in view!
No target in view!
No target in view!
No target in view!
No target in view!
No target in view!
Unknown command.
Unknown command.
There is an open door here.
You see here a frilled lizard skeleton.
There is an open door here.
There is a staircase leading out of the dungeon here.
Are you sure you want to leave the Dungeon?
This will make you lose the game!
You have escaped!

...........#
....>....[.#
.....).....######
................##
...#.......####..#
...#.#######
###'### ...#.#
#.....# .⌠.#..
#.....# .#.####
#..@..# ##.#
#.....# ...#
#.....# ####
###+###


There were no monsters in sight!

Vanquished Creatures
  An endoplasm (D:1)
  A giant cockroach (D:1)
  A hobgoblin (D:1)
  A kobold (D:1)
  2 ball pythons (D:1)
  2 bats (D:1)
  3 frilled lizards (D:1)
11 creatures vanquished.

Notes
Turn   | Place    | Note
-------+----------+-------------------------------------------
     0 | D:1      | Alarkh the Demonspawn Gladiator began the quest for the
                  | Orb.
     0 | D:1      | Reached XP level 1. HP: 16/16 MP: 1/1
    19 | D:1      | Found a faded altar of an unknown god.
   370 | D:1      | Reached skill level 3 in Unarmed Combat
   484 | D:1      | Gained mutation: You have a pair of small horns on your
                  | head. [demonic ancestry]
   484 | D:1      | Reached XP level 2. HP: 16/22 MP: 2/2
   689 | D:$      | Got out of the dungeon alive.

Illustrated notes

Levels and vault maps discovered:
D:1:      minmay_arrival_checkered_box, layout_basic,
          hellmonk_ecumenical_altar_run_dry

Skill      XL: |  1 |
---------------+----+-----
Unarmed Combat | 3 |  3.1
Fighting       | |  2.3
Throwing       | |  1.7
Dodging        | |  2.6

Action                   || total
-------------------------++-------
Melee: Unarmed           ||    41
Armor: Leather armour    ||     6
Dodge: Dodged            ||    25

Table legend: (Time is in decaauts)
 A = Elapsed time spent in this place.
 B = Non-inter-level travel time spent in this place.
 C = Inter-level travel time spent in this place.
 D = Time resting spent in this place.
 E = Time spent auto-exploring this place.
 F = Levels seen in this place.
 G = Mean time per level.
                   A        B        C        D        E       F      G
               +--------+--------+--------+--------+--------+-----+--------+
         Total |    687 |    631 |     56 |    244 |    297 |   1 |  687.0 |
       Dungeon |    687 |    631 |     56 |    244 |    297 |   1 |  687.0 |
               +--------+--------+--------+--------+--------+-----+--------+

Top non-repeatable levels by time:
     D:1: 687 daAuts
